Map: Ephemeron LE

Players

hkzerg

  • Race: Zerg Zerg
  • League: Diamond
  • Spawn Location: 11:00

OldGreg - Winner!

  • Race: Protoss Protoss
  • League: Gold
  • Spawn Location: 5:00

VOD

Have the link to the VOD?

Description

Time

  • Played on: Jan. 12, 2020, 2:45 p.m.
  • Length: 5:34
Show
View Real Time Build Order
Export as new Build Order

hkzerg Zerg 

Build Orders: Pool First 

Get SALT Encoding   

  12  0:08  Overlord  
  12  0:12  Drone  
  13  0:17  Drone  
  14  0:26  Drone  
  15  0:30  Drone  
  16  0:47  Spawning Pool  
  16  0:48  Drone  
  16  0:51  Drone  
  17  1:12  Hatchery  
  17  1:15  Drone  
  17  1:18  Drone  
  17  1:22  Extractor  
  17  1:26  Drone  
  18  1:34  Queen  
  20  1:55  Drone x2  
  22  2:24  Queen  
  24  2:45  Hatchery  
  24  2:49  Drone x5  
  28  3:00  Hatchery  
  27  3:23  Overlord  
  27  3:33  Metabolic Boost  
  27  3:34  Baneling Nest  
  26  3:35  Drone x2  
  26  3:37  Extractor  
  26  3:39  Extractor  
  26  3:45  Zergling x4  
  26  3:46  Zergling x14  
  8  4:25  Baneling x8  
Show
View Real Time Build Order
Export as new Build Order

OldGreg Protoss - Winner!

Build Orders:  

Get SALT Encoding   

  12  0:00  Probe  
  13  0:13  Probe  
  14  0:16  Assimilator  
  14  0:30  Pylon  
  14  0:31  Probe  
  15  0:48  Probe  
  16  0:50  Gateway  
  16  0:52  Assimilator  
  16  1:00  Probe  
  17  1:20  Assimilator  
  17  1:34  Probe  
  17  1:38  Cybernetics Core  
  18  1:42  Gateway  
  18  1:44  Gateway  
  18  1:50  Pylon  
  18  2:02  Probe  
  18  2:06  Warp Gate (Chrono Boost)  
  19  2:14  Probe  
  20  2:17  Adept  
  20  2:20  Pylon  
  22  2:27  Pylon  
  22  2:37  Gateway  
  22  2:43  Adept  
  24  2:45  Adept  
  26  2:54  Pylon  
  26  3:16  Shield Battery x2  
  26  3:33  Stalker x2  
  30  3:34  Stalker  
  32  3:44  Shield Battery  
  32  3:51  Stalker  
  34  4:10  Stalker x2  
  38  4:24  Adept x2  
  40  4:55  Stalker  
  40  4:57  Zealot, Adept  
Tags
 
Matchup
PvZ
Opening
Pool First
Spawn Locations
Cross Positions
Add a new tag
Caveats
  • Supply blocks, unpowered buildings, or Contaminate may cause inaccurate times.
  • Supply counts are checked every 10 seconds.